[Event "*** Titled Tuesday Blitz"]
[Site "Chess.com"]
[Date "2021.04.06"]
[Round "11"]
[White "Cambek64"]
[Black "yonaltimur"]
[Result "1-0"]
[WhiteElo "2486"]
[BlackElo "1756"]
[TimeControl "180+1"]
[EndTime "12:08:34 PDT"]
[Termination "Cambek64 won on time"]

1. e4 c5 2. Nc3 e6 3. d3 d5 4. f4 Nc6 5. Nf3 Nf6 6. Be2 a6 7. O-O b5 8. e5 Nd7 9. Qe1 Bb7 10. Bd1 g6 11. Ne2 Be7 12. c3 h5 13.
d4 cxd4 14. Nexd4 Rc8 15. Be3 Nxd4 16. Nxd4 Nc5 17. Bc2 Ne4 18. Rd1 Qc7 19. a3 Kf8 20. Bxe4 dxe4 21. Rd2 Kg7 22. Bf2 Rhd8 23. Bh4 Bd5 24.
Bxe7 Qxe7 25. Qe3 Kf8 26. g3 Bc4 27. Rff2 Bd5 28. h3 Qb7 29. Rh2 Ke7 30. g4 hxg4 31.
hxg4 Rh8 32. Rdg2 Kd7 33. f5 Kc7 34. fxg6 fxg6 35. Rf2 Kb8 36. Rxh8 Rxh8 37. Rh2 Rxh2 38. Kxh2 Qh7+ 39. Qh3 Qxh3+ 40. Kxh3 Kc7 41. Kh4 Kd7 42. Nc2 Ke7 43. Ne3 Bc6 44. Kg5 Kf7 45. Kf4 Bb7 46. g5 Bc6 47. Ng4 Bb7 48. Nf2 Bc6 49. Nxe4 Bxe4 50.
Kxe4 Ke7 51. Kd4 Kd7 52. Kc5 Kc7 53. b3 Kd7 54. c4 bxc4 55. bxc4 Kc7 56. a4 Kd7 57.
Kb6 1-0

[Event "*** Titled Tuesday Blitz"]
[Site "Chess.com"]
[Date "2021.04.06"]
[Round "11"]
[White "Michaelson_11"]
[Black "shaheus"]
[Result "0-1"]
[WhiteElo "2199"]
[BlackElo "2357"]
[TimeControl "180+1"]
[EndTime "12:08:35 PDT"]
[Termination "shaheus won on time"]

1. e4 c5 2. Nf3 Nc6 3. d4 cxd4 4. Nxd4 Nf6 5. Nc3 d6 6. Bg5 e6 7. Qd2 a6 8. O-O-O h6 9. Bxf6 Qxf6 10. Nxc6 bxc6 11.
f3 Be7 12. Bc4 O-O 13. h4 d5 14. Bd3 Bb4 15. g4 d4 16. g5 dxc3 17. Qg2 cxb2+ 18.
Kb1 Qf4 19. gxh6 Qxh6 20. e5 c5 21. Rhg1 Bb7 22. Qg4 Bd5 23. f4 c4 24. Be2 Bc5 25. Rg3 Bf2 26. Rc3 Rfc8 27. h5 Rab8 28. f5 Be3 29. f6 Qg5 30. Qh3 Bc1 31. Rg3 Qxe5 32. Rxg7+ Kf8 33. Rdg1 Qxf6 34. Rg8+ Ke7 35. R8g7 c3 36.
Qd3 Bc4 37. Qe4 Qf5 38. Qxf5 exf5 39. Bf3 Be6 40. h6 Rh8 41. h7 Be3 42. Bh5 Bd4 43.
R1g2 Bxg7 44. Rxg7 Kf6 45. Rg3 Rxh7 46. Rh3 Rxh5 47. Rxh5 Rd8 48. Rh6+ Kg5 49. Rh1 Rd2 50. a4 Rd4 51. a5 Ra4 52. Rg1+ Kf6 53. Rg6+ Ke7 54.
Rxe6+ Kf8 55. Re8+ Kg7 56. Rg8+ Kf6 57. Rg6+ Ke5 58. Re6+ Kf4 59. Re4+ Rxe4 0-1

[Event "*** Titled Tuesday Blitz"]
[Site "Chess.com"]
[Date "2021.04.06"]
[Round "11"]
[White "mishanick"]
[Black "kirillshevchenko"]
[Result "1/2-1/2"]
[WhiteElo "2951"]
[BlackElo "2855"]
[TimeControl "180+1"]
[EndTime "12:08:38 PDT"]
[Termination "Game drawn - insufficient material"]

1. e4 e5 2. Nf3 d6 3. Nc3 Nf6 4. Bc4 Be7 5. O-O O-O 6. d4 exd4 7. Nxd4 Re8 8. h3 Nc6 9. Nxc6 bxc6 10. Bg5 h6 11. Be3 Bf8 12. Qf3 Be6 13. Bxe6 Rxe6 14.
Bd4 Nd7 15. Rad1 a5 16. b3 Qh4 17. Qg4 Qxg4 18. hxg4 Be7 19. f3 Bf6 20. Kf2 Kf8 21. Rh1 Bxd4+ 22. Rxd4 Re5 23. a4 Rc5 24. Rd3 Rb8 25.
Rc1 Ke7 26. Ne2 Rb4 27. Rc3 d5 28. exd5 cxd5 29. Rd1 Rxc3 30. Nxc3 c6 31. Ne2 Kd6 32.
Ng3 g6 33. Rh1 c5 34. Rxh6 c4 35. bxc4 Rxc4 36. Nf5+ Ke6 37. Ne3 Rxa4 38. Ke2 Ne5 39. Rh8 d4 40. Re8+ Kd6 41. f4 Nc6 42. Nd1 Rc4 43. Kd3 Rc5 44. Ra8 Kc7 45. Rf8 f5 46. g5 a4 47. Ra8 Ra5 48. Rxa5 Nxa5 49. Kxd4 a3 50. Kc3 Kd6 51. Ne3 Ke6 52. g4 fxg4 53.
Nxg4 Nc4 54. Kb3 Kf5 55. Ne5 Nxe5 56. fxe5 Kxg5 57. Kxa3 Kf5 58. Kb4 Kxe5 59. Kc3 Ke4 60. Kd2 g5 61. Ke2 g4 62. Kf2 Kd4 63. Kg3 Kc3 64. Kxg4 Kxc2 1/2-1/2

[Event "*** Titled Tuesday Blitz"]
[Site "Chess.com"]
[Date "2021.04.06"]
[Round "11"]
[White "SargissyanSargis"]
[Black "frenchpin"]
[Result "1-0"]
[WhiteElo "2398"]
[BlackElo "2494"]
[TimeControl "180+1"]
[EndTime "12:08:39 PDT"]
[Termination "SargissyanSargis won on time"]

1. e4 e6 2. d4 d5 3. Nc3 Bb4 4. e5 c5 5. a3 Bxc3+ 6. bxc3 Qa5 7. Bd2 Qa4 8. Qg4 g6 9. Qd1 b6 10. Nf3 Ba6 11. dxc5 bxc5 12. Be3 Nd7 13. Bd3 Ne7 14. O-O Nc6 15. Re1 Rb8 16. Bh6 Bxd3 17. Qxd3 Rb2 18.
Re2 Kd8 19. Bc1 Rb6 20. Bg5+ Kc7 21. g3 Rhb8 22. Kg2 Rb1 23. Rxb1 Rxb1 24. Bf4 Qxa3 25. Ng5 Nd8 26. Nxh7 Qa1 27. Nf6 Rg1+ 28. Kf3 Nc6 29. Nxd7 Kxd7 30. Qb5 Qxc3+ 31. Kg4 Qb4 32. Qa6 Rd1 33. c3 Qb6 34. Qa3 Rb1 35. Qa2 a5 36.
Kg5 Ke7 37. h4 Rb3 38. Rc2 Qb5 39. Kg4 a4 40. Kh3 a3 41. c4 dxc4 42. Bg5+ Kf8 43. Bh6+ Kg8 44. Rd2 Nd4 45. Qa1 Rd3 46. Rxd3 cxd3 47.
Qxa3 Kh7 48. Qa8 Qb1 49. Qf8 Qh1+ 50. Kg4 Qf3+ 51. Kh3 Qh1+ 52. Kg4 Qd1+ 53. Kh3 Qf1+ 54. Kg4 Qe2+ 55. Kh3 Qf1+ 56. Kg4 Nf5 57. Qxf7+ Kxh6 58. Qf8+ Kh7 59. Qf7+ Ng7 60. Kg5 Qc1+ 61. Kf6 1-0

[Event "*** Titled Tuesday Blitz"]
[Site "Chess.com"]
[Date "2021.04.06"]
[Round "11"]
[White "jonaszmb"]
[Black "davigator"]
[Result "0-1"]
[WhiteElo "2483"]
[BlackElo "2396"]
[TimeControl "180+1"]
[EndTime "12:08:49 PDT"]
[Termination "davigator won on time"]

1. e4 c5 2. Nf3 Nc6 3. c3 Nf6 4. e5 Nd5 5. d4 cxd4 6. cxd4 d6 7. Bc4 e6 8. O-O Nb6 9. Bd3 d5 10. Nc3 Be7 11. b3 a6 12. Bb1 Bd7 13. Be3 Rc8 14. Ne2 Nb4 15. a3 Nc6 16. Ng3 h6 17. Nh5 Bf8 18. Re1 Na8 19. Bd3 Na5 20. Qb1 Nc7 21. g3 Bb5 22. Bc2 Na8 23. Nh4 Qc7 24. a4 Qxc2 25. axb5 Nxb3 26. Qxc2 Rxc2 27. bxa6 b6 28.
Rab1 Rc3 29. Re2 Kd7 30. Reb2 Na5 31. a7 Kc6 32. Bd2 Ra3 33. Bxa5 Rxa5 34. Rc2+ Kb7 35.
Rbc1 Ba3 36. Rb1 g6 37. Nf6 Rxa7 38. Ng2 Be7 39. Ne3 Bxf6 40. exf6 Rc8 41. Rxc8 Kxc8 42.
Ng4 h5 43. Ne5 Rc7 44. Kg2 Kb7 45. h4 Ka6 46. Ra1+ Kb7 47. Rb1 Kc8 48. Kf3 Ra7 49. Kf4 Rb7 50. Rb5 Nc7 51. Rb1 Na6 52. Kg5 b5 53.
Kh6 b4 54. Kg7 Rc7 55. Nxf7 Rc2 56. Kf8 Rxf2 57. Ke7 Kc7 58. Ne5 Kb6 59. f7 Kb5 60. f8=Q Rxf8 61. Kxf8 Ka4 62. Ra1+ Kb5 63. Ke7 b3 64.
Rb1 Kb4 65. Kd6 Kc3 66. Ra1 Nb4 67. Kc5 Nc2 68. Rb1 Nxd4 69. Kd6 Kc2 70. Rf1 b2 71.
Nxg6 Nb5+ 0-1

[Event "*** Titled Tuesday Blitz"]
[Site "Chess.com"]
[Date "2021.04.06"]
[Round "11"]
[White "MaevskiyNikolay"]
[Black "Leonid_Starozhilov"]
[Result "0-1"]
[WhiteElo "2565"]
[BlackElo "2712"]
[TimeControl "180+1"]
[EndTime "12:08:50 PDT"]
[Termination "Leonid_Starozhilov won by checkmate"]

1. Nf3 Nf6 2. c4 g6 3. Nc3 d6 4. g3 Bg7 5. Bg2 O-O 6. O-O c6 7. d4 Bf5 8. Nh4 Be6 9. b3 d5 10. Qd3 Na6 11. a3 c5 12. cxd5 Nxd5 13. Nxd5 Bxd5 14. Bb2 Bxg2 15. Kxg2 cxd4 16. Qb5 Nc7 17.
Qxb7 Rb8 18. Qf3 e5 19. b4 a5 20. Qb3 Qd5+ 21. Qxd5 Nxd5 22. Rfd1 axb4 23. axb4 Nxb4 24. Ba3 Rfc8 25. Bxb4 Rxb4 26. Ra2 e4 27. f3 f5 28. fxe4 fxe4 29. Kg1 Rbc4 30. Ng2 Rc2 31. Rxc2 Rxc2 32. Kf1 g5 33. h4 h6 34. hxg5 hxg5 35. Ne1 Ra2 36. Rc1 Kf7 37. Rc5 Kg6 38. Nc2 Kh5 39.
Rc4 d3 40. exd3 exd3 41. Ne3 Ra1+ 42. Kf2 d2 43. Ke2 Rg1 44. Kxd2 Rxg3 45. Nf5 Rg2+ 46. Ke3 Be5 47. Rc5 Bf4+ 48. Kf3 Ra2 49. Rc6 Ra3+ 50.
Ke4 Kg4 51. Nh6+ Kg3 52. Nf5+ Kh3 53. Rh6+ Kg4 54. Nd4 Ra4 55. Rh1 Bg3 56. Rh8 Bf2 57.
Rd8 Rxd4+ 58. Rxd4 Bxd4 59. Kxd4 Kf3 60. Kd3 g4 61.
Kd2 Kf2 62. Kd3 g3 63. Ke4 g2 64. Kf4 g1=Q 65. Ke4 Qe1+ 66. Kd3 Qe3+ 67. Kc2 Qd4 68.
Kc1 Qd3 69. Kb2 Qc4 70. Ka1 Qb5 71. Ka2 Ke2 72. Ka3 Kd2 73. Ka2 Kc2 74. Ka1 Qb1# 0-1

[Event "*** Titled Tuesday Blitz"]
[Site "Chess.com"]
[Date "2021.04.06"]
[Round "11"]
[White "vlad_Sid"]
[Black "Witik"]
[Result "1-0"]
[WhiteElo "2627"]
[BlackElo "2721"]
[TimeControl "180+1"]
[EndTime "12:08:52 PDT"]
[Termination "vlad_Sid won on time"]

1. c4 e5 2. g3 Nc6 3. Bg2 g6 4. Nc3 Bg7 5. Nf3 f5 6. O-O Nf6 7. Rb1 a5 8. a3 O-O 9. b4 axb4 10.
axb4 d6 11. b5 Ne7 12. d3 h6 13. Qc2 g5 14. Nd2 Rb8 15. e3 Be6 16. f4 Ng6 17. Nb3 exf4 18. exf4 gxf4 19. Bxf4 Nxf4 20. Rxf4 Nh5 21.
Rf2 f4 22. Qe2 Bf7 23. Ne4 fxg3 24. hxg3 Qe7 25. Rbf1 Bg6 26. g4 Nf6 27. Nxf6+ Bxf6 28. Bd5+ Kg7 29. Qxe7+ Bxe7 30. Nd4 Kh7 31. Rxf8 Rxf8 32.
Rxf8 Bxf8 33. Ne6 Be7 34. Nxc7 b6 35. Be4 Bf6 36. Nd5 Bd4+ 37. Kg2 Bxe4+ 38. dxe4 Kg6 39.
Kf3 Kg5 40. Nf4 Be5 41. Nh3+ Kh4 42. Nf4 Kg5 43. Ne6+ Kf6 44. Nc7 Kg5 45. Nd5 Bd4 46. Ne3 Bc5 47. Nf5 h5 48. gxh5 Kxh5 49. Kf4 Kg6 50.
Ne7+ Kf7 51. Nd5 Ke6 52. Nc7+ Kd7 53. Na6 Bd4 54. Kf5 Be5 55. Nb8+ Kc7 56. Nc6 Bc3 57. Ke6 Bb2 58. Ne7 Ba3 59. Nd5+ Kd8 60. Nxb6 Kc7 61. Nd5+ Kb7 62. Kd7 Bc5 63. Nf6 Bd4 64.
Ne8 Kb6 65. Nxd6 Kc5 66. Ke6 Bg1 67. e5 Bh2 68. Kf6 Bg3 69. Nf5 Bf4 70. Nd6 1-0

[Event "*** Titled Tuesday Blitz"]
[Site "Chess.com"]
[Date "2021.04.06"]
[Round "11"]
[White "Stormeman100100"]
[Black "Sanyura"]
[Result "0-1"]
[WhiteElo "2521"]
[BlackElo "2606"]
[TimeControl "180+1"]
[EndTime "12:08:52 PDT"]
[Termination "Sanyura won by resignation"]

1. d4 Nf6 2. c4 g6 3. Nc3 Bg7 4. e4 d6 5. h3 O-O 6. Be3 Na6 7. g4 c5 8. Nge2 Qa5 9. Qd2 e5 10. d5 Nc7 11. Ng3 a6 12. Bh6 b5 13.
Rg1 Rb8 14. Nh5 Nxh5 15. gxh5 bxc4 16. Bxg7 Kxg7 17. Bxc4 Nb5 18. Bxb5 axb5 19. Qg5 Qd8 20. h6+ Kg8 21. h4 b4 22. Ne2 Ba6 23. Ng3 Qxg5 24.
hxg5 f6 25. gxf6 Rxf6 26. Nf5 Kf8 27. Ng3 Ke7 28. a3 b3 29. Rc1 Rbf8 30. Rg2 Rf4 31.
Rc3 c4 32. Rh2 Kd7 33. Re3 Kc7 34. Ne2 Rf3 35. Rxf3 Rxf3 36. Nc3 Kb6 37. Kd2 Bc8 38. Rg2 Kc5 39. Nd1 Bd7 40. Ke2 Rh3 41. Rg3 Rxh6 42.
Rc3 Rh1 43. Ne3 Bb5 44. a4 Ba6 45. Ng4 h5 46. Ne3 Rb1 47. Nd1 Ra1 48. Kd2 Rxa4 49. Rg3 Ra1 50. Rxg6 h4 51. Rg8 Bb7 52. Rh8 Kd4 53.
Rxh4 Ra2 54. f4 c3+ 55. Nxc3 Rxb2+ 56. Kc1 Rc2+ 57. Kd1 Rxc3 58. fxe5 Kxe5 59. Kd2 Rc2+ 60. Kd3 Ba6+ 61. Ke3 Re2+ 62. Kf3 b2 63. Rh5+ Kd4 64. Rh1 Rc2 65. Rb1 Kc3 66. e5 dxe5 67. d6 Bb5 68. Ke4 Rc1 69. Rxb2 Kxb2 70. Kxe5 Rd1 71. Kf6 Rxd6+ 72.
Ke7 Rd3 73. Kf8 Kc3 74. Ke7 Bc4 75. Kf6 Rd5 76. Ke6 Kd4 77. Ke7 Ra5 0-1

[Event "*** Titled Tuesday Blitz"]
[Site "Chess.com"]
[Date "2021.04.06"]
[Round "11"]
[White "chescomhuynya"]
[Black "beautroll"]
[Result "0-1"]
[WhiteElo "2553"]
[BlackElo "2481"]
[TimeControl "180+1"]
[EndTime "12:08:52 PDT"]
[Termination "beautroll won by resignation"]

1. e4 c5 2. Nf3 d6 3. d4 cxd4 4. Nxd4 Nf6 5. Nc3 a6 6. Bc4 e6 7. Bb3 b5 8. O-O Be7 9. Qf3 Qb6 10. Be3 Qb7 11. Qg3 Nbd7 12. Rad1 b4 13. Na4 Nxe4 14.
Qxg7 Bf6 15. Qg4 Ne5 16. Qe2 Rg8 17. f3 Nc5 18. Nxc5 dxc5 19. Nf5 exf5 20. Bxc5 Bd7 21.
Bd5 Qc7 22. Bd6 Qb6+ 23. Kh1 Bb5 24. Qf2 Qxf2 25. Rxf2 O-O-O 26. Bxb4 Bc4 27. Rfd2 Bxd5 28. Rxd5 Rxd5 29. Rxd5 Rd8 30. Rxd8+ Kxd8 31. b3 Nc6 32. Bd2 a5 33. c3 Kd7 34. Kg1 Kd6 35. Kf2 Kc5 36.
Ke2 a4 37. Kd3 Ne5+ 38. Ke2 Nc6 39. Kd3 Be5 40. h3 Bd6 41. b4+ Kb6 42. a3 Ne5+ 43. Kd4 Kb5 44. Bc1 Nc4 45. Kd5 Bg3 46. Kd4 Bf2+ 47.
Kd3 f6 48. g4 fxg4 49. hxg4 Be1 50. Kc2 Ne5 51. Bf4 Nxf3 52. Kd1 Bxc3 53. Ke2 Ne5 54. Bc1 Nxg4 55. Kf3 Ne5+ 56. Ke4 Nc4 57. Kd3 Bb2 58. Bf4 Bxa3 59. Kc2 Bxb4 60. Kb1 a3 61. Ka2 Ka4 62. Kb1 Nb6 63. Ka1 Kb3 64. Be3 Bc3+ 65. Kb1 a2+ 0-1

[Event "*** Titled Tuesday Blitz"]
[Site "Chess.com"]
[Date "2021.04.06"]
[Round "11"]
[White "TC2304"]
[Black "WPWPWP-2015"]
[Result "0-1"]
[WhiteElo "2277"]
[BlackElo "2426"]
[TimeControl "180+1"]
[EndTime "12:08:53 PDT"]
[Termination "WPWPWP-2015 won by resignation"]

1. d4 Nf6 2. Bg5 c5 3. Nc3 cxd4 4. Qxd4 Nc6 5. Qh4 Qa5 6. O-O-O d6 7. e4 Bd7 8. f4 O-O-O 9. Nf3 h6 10. Bxf6 gxf6 11.
Kb1 Rg8 12. Qf2 Qc5 13. Qd2 h5 14. Nd5 Qa5 15. b4 Qa3 16. b5 Na5 17. Qd4 Qc5 18. Qb2 Kb8 19. Rd3 Qxb5 20. Rb3 Qc5 21. Rc3 Qf2 22. Nc7 Qb6 23. Qxb6 axb6 24. Nd5 Rc8 25. Rxc8+ Bxc8 26. Nxb6 Bh6 27. g3 e5 28. f5 Nc6 29.
Bd3 Be3 30. Nd5 Bc5 31. Nxf6 Rh8 32. Nd5 b6 33. Ng5 Rf8 34. Be2 Nd4 35. Bxh5 f6 36. Nf3 Bb7 37. Nxd4 Bxd4 38. c4 Ba6 39. Rc1 Rh8 40.
g4 Rc8 41. Nxf6 Bxc4 42. Nd5 Bd3+ 43. Rc2 Rxc2 44. Nb4 Rb2+ 45. Kc1 Rxb4 46. f6 Bxe4 47. f7 Be3+ 48. Kd1 Rb1+ 49. Ke2 Bh6 50. g5 Bf8 51. g6 d5 52. Bg4 Bg7 53. h4 Bxg6 54. Be6 Bxf7 55. Bxf7 Bh6 56. Bxd5 Rb2+ 57. Kf3 Rh2 58. Kg4 Rd2 59. Bb3 Bf4 60. Kf5 Kc7 61. h5 Rh2 62. Bf7 Kd6 63. Ke4 Rh1 64. Kf5 Rh2 65.
Ke4 Rf2 66. Kf5 Be3+ 67. Ke4 Bh6 68. Bb3 Rf4+ 69. Kd3 Ke7 70. Bd5 Rd4+ 71. Ke2 0-1

[Event "*** Titled Tuesday Blitz"]
[Site "Chess.com"]
[Date "2021.04.06"]
[Round "11"]
[White "NikolaGry"]
[Black "StockholmMissile"]
[Result "1-0"]
[WhiteElo "2708"]
[BlackElo "2601"]
[TimeControl "180+1"]
[EndTime "12:08:54 PDT"]
[Termination "NikolaGry won by resignation"]

1. b3 d5 2. Bb2 Nf6 3. Nf3 Bg4 4. e3 Nbd7 5. h3 Bxf3 6. Qxf3 g6 7. c4 dxc4 8. Bxc4 Bg7 9. d4 O-O 10. O-O c6 11.
Rd1 Nb6 12. Bf1 Qd5 13. Nc3 Qxf3 14. gxf3 Nfd5 15. Ne4 Nd7 16. Rac1 Rfd8 17. f4 N5f6 18. Ng5 Nd5 19. Bg2 a5 20. a4 Nb4 21. Ba3 Ra6 22.
d5 c5 23. Bf1 Raa8 24. Ne4 Rac8 25. Bb5 b6 26. Bxb4 axb4 27. Nd2 Nf6 28. Nc4 Rb8 29.
Bc6 Ne4 30. f3 Nd6 31. Ne5 Bxe5 32. fxe5 Nf5 33. Kf2 f6 34. f4 fxe5 35. fxe5 Rf8 36. Ke2 Rbd8 37. Rg1 Nh4 38. Rg3 Rf5 39. Rg4 Rh5 40.
d6 exd6 41. e6 Nf5 42. Rf1 Rxh3 43. Rxf5 Rh2+ 44. Rf2 Rxf2+ 45. Kxf2 Kf8 46. Rf4+ Ke7 47. Bd5 Rf8 48. Rf7+ Rxf7+ 49. exf7 Kf8 50. Kf3 h6 51. Kf4 Kg7 52. e4 Kf8 53. e5 dxe5+ 54. Kxe5 Ke7 55.
Kf4 Kf8 56. Kg4 Kg7 57. Kf3 Kf8 58. Kf4 Ke7 59. Ke5 h5 60. Kf4 Kf8 61. Kg5 Kg7 62. Bc4 Kf8 63. Kxg6 h4 64. Kf6 h3 65. Bd5 h2 66.
Ke6 b5 67. a5 c4 68. a6 1-0

[Event "*** Titled Tuesday Blitz"]
[Site "Chess.com"]
[Date "2021.04.06"]
[Round "11"]
[White "FGHSMN"]
[Black "ural58"]
[Result "1-0"]
[WhiteElo "2591"]
[BlackElo "2486"]
[TimeControl "180+1"]
[EndTime "12:08:55 PDT"]
[Termination "FGHSMN won by checkmate"]

1. e4 d5 2. exd5 Qxd5 3. Nc3 Qa5 4. d4 Nf6 5. Nf3 Nc6 6. Be2 Bg4 7. h3 Bxf3 8. Bxf3 Rd8 9. O-O e6 10. Be3 Bb4 11. Bxc6+ bxc6 12. Qf3 Qa6 13. Ne4 Be7 14. c3 O-O 15. Rfe1 Qb5 16. Bg5 Qxb2 17. Nxf6+ Bxf6 18. Bxf6 gxf6 19. Qxf6 Rd5 20. Re3 Qxa1+ 21. Kh2 Qb1 22. Rg3+ Qg6 23. Rxg6+ hxg6 24. h4 Rf5 25. Qe7 Rxf2 26.
Qxc7 Rxa2 27. Qxc6 Ra5 28. c4 Rf5 29. c5 Rf4 30.
Qd7 Rxh4+ 31. Kg1 Re4 32. Kf2 Rf4+ 33. Ke2 Rf5 34. c6 Rd5 35. Qxa7 Rdd8 36. c7 Rc8 37.
Qb7 Kg7 38. Kd3 Kf6 39. Kc4 Ke7 40. Kc5 Kd7 41. Qc6+ Ke7 42. Qd6+ Kf6 43. Kc6 Ra8 44.
Kd7 Kg7 45. Qb6 Kg8 46. g4 Kg7 47. g5 Kg8 48. Qb7 Ra4 49. c8=Q Rxd4+ 50. Ke7 Rxc8 51. Qxc8+ Kh7 52. Kxf7 Rf4+ 53. Ke7 Rf5 54. Qc1 Kg7 55. Kxe6 Kg8 56. Qd2 Kg7 57. Qd7+ Kg8 58. Qe8+ Kg7 59. Qe7+ Kg8 60. Qd8+ Kg7 61. Qd2 Kg8 62. Qd3 Kg7 63. Qe3 Kg8 64. Qe4 Kg7 65. Qh4 Kg8 66. Qh6 Rf6+ 67. gxf6 g5 68. Qg7# 1-0

[Event "*** Titled Tuesday Blitz"]
[Site "Chess.com"]
[Date "2021.04.06"]
[Round "11"]
[White "Manukyan_Artak"]
[Black "MasterMK73"]
[Result "0-1"]
[WhiteElo "2415"]
[BlackElo "2299"]
[TimeControl "180+1"]
[EndTime "12:08:58 PDT"]
[Termination "MasterMK73 won on time"]

1. e4 c5 2. Nf3 a6 3. c3 g6 4. d4 cxd4 5. cxd4 d5 6. exd5 Nf6 7. Nc3 Bg7 8. Bc4 b5 9. Bb3 Bb7 10. O-O O-O 11. Bg5 Nbd7 12. Ne5 Nb6 13. Nc6 Qd7 14. Re1 Rfe8 15. Bxf6 Bxf6 16. Ne4 Bg7 17. Nc5 Qc7 18. Qf3 Bf6 19. Rad1 Rac8 20. h4 Bxc6 21. dxc6 Qxc6 22. Qxc6 Rxc6 23. Nxa6 Nc4 24. Nb4 Rd6 25. Bxc4 bxc4 26. Re4 Rb8 27. a3 Rbd8 28. d5 Bxb2 29. Rxc4 Bxa3 30.
Nc6 Rxd5 31. Nxe7+ Bxe7 32. Rxd5 Rxd5 33. g3 Kg7 34.
Kg2 Bf6 35. Re4 Rd2 36. Rf4 Bd4 37. g4 f6 38. g5 f5 39. Kf1 Be5 40. Rf3 Rd4 41. Rh3 Kf7 42. h5 gxh5 43. Rxh5 Kg6 44. Rh6+ Kxg5 45. Rxh7 Kf4 46. Kg2 Kg5 47. Re7 Bf6 48.
Re6 Rd2 49. Kf3 Rd3+ 50. Ke2 Rd5 51. Kf3 Re5 52. Ra6 Rb5 53. Ra8 Rb3+ 54. Kg2 Kf4 55. Ra4+ Kg5 56. Rc4 Be5 57. Kf1 Rb2 58. Kg2 Bf4 59.
Kf3 Bd6 60. Kg2 Be7 61. Kf3 Bd8 0-1

[Event "*** Titled Tuesday Blitz"]
[Site "Chess.com"]
[Date "2021.04.06"]
[Round "11"]
[White "exoticprincess"]
[Black "LiverpooL174"]
[Result "1-0"]
[WhiteElo "2928"]
[BlackElo "2689"]
[TimeControl "180+1"]
[EndTime "12:08:59 PDT"]
[Termination "exoticprincess won by resignation"]

1. e4 c6 2. c4 d5 3. cxd5 cxd5 4.
exd5 Nf6 5. Qa4+ Nbd7 6. Nc3 g6 7. Nf3 Bg7 8. Bc4 O-O 9. d3 a6 10. Qa3 b6 11. O-O Bb7 12. Re1 Re8 13. Be3 b5 14.
Bb3 Rc8 15. Qb4 Nb6 16. d6 e6 17. Ng5 Nbd5 18. Nxd5 Nxd5 19. Bxd5 Bxd5 20. Rac1 Qd7 21.
a3 a5 22. Qxa5 Bxb2 23. Rc7 Qxd6 24. Rxf7 h6 25. Qa7 hxg5 26. d4 e5 27. Rg7+ Kf8 28. Rh7 Qf6 29. Bxg5 Bxd4 30. Bxf6 Bxa7 31. Rxa7 Re6 32.
Bg7+ Kg8 33. h4 Rc2 34. Rxe5 Rxe5 35. Bxe5 Rc4 36. Rg7+ Kf8 37. Rxg6 Rxh4 38. f3 Rc4 39. Rb6 Rc1+ 40. Kf2 Bc4 41. Bd6+ Kf7 42. Bb4 Rc2+ 43. Kg1 Bd3 44. Rd6 Bc4 45. Rd2 Rc1+ 46. Kf2 Rf1+ 47.
Kg3 Rg1 48. Kf4 Ke6 49. g4 Rf1 50. Rd6+ Kf7 51. Rd7+ Ke6 52. Re7+ Kf6 53. Re3 Bd5 54. Bc3+ Kg6 55. Kg3 Rg1+ 56. Kf2 Rb1 57. Bb4 Bc4 58.
Kg3 Rf1 59. Re1 Rxe1 60. Bxe1 Kf6 61. Bc3+ Kg6 62. f4 Bd3 63. f5+ Bxf5 64. gxf5+ Kxf5 65. Bb4 Ke6 66. Kf4 Kd5 67. Kf5 Kc6 68. Ke6 Kb7 69. Kd7 Ka8 70. Kc8 Ka7 71. Bc5+ Ka8 72. Bd6 Ka7 73. Kc7 Ka6 74. Kb8 Kb6 75. Bb4 Ka6 76. Bc5 Ka5 77. Kb7 Ka4 78. Kb6 1-0

[Event "*** Titled Tuesday Blitz"]
[Site "Chess.com"]
[Date "2021.04.06"]
[Round "11"]
[White "AldokhinIvan"]
[Black "Supernotar"]
[Result "1-0"]
[WhiteElo "2562"]
[BlackElo "2700"]
[TimeControl "180+1"]
[EndTime "12:09:05 PDT"]
[Termination "AldokhinIvan won by checkmate"]

1. e4 c6 2. Nc3 d5 3. d4 dxe4 4. Nxe4 Bf5 5. Ng3 Bg6 6. h4 h6 7. Nh3 Nf6 8. Nf4 Bh7 9. Be3 e6 10. Bd3 Bxd3 11. Qxd3 Bd6 12. O-O-O O-O 13. Kb1 Nbd7 14.
Ngh5 Bxf4 15. Nxf4 Nd5 16. Nxd5 cxd5 17. g4 Rc8 18. h5 f5 19. Rhg1 f4 20. Bd2 Qg5 21. Rde1 Rce8 22. f3 Rf7 23. Re2 Rfe7 24. Bb4 Rf7 25.
Rge1 Qf6 26. Bd6 Nf8 27. a3 Nh7 28. Be5 Qd8 29. Qd2 Ng5 30. Rf2 Ref8 31. Qd3 Qd7 32. Rc1 b5 33. Re1 a5 34. Qb3 Rc8 35. Rfe2 Qc6 36. Qd3 b4 37. axb4 axb4 38. Qb3 Ra7 39.
Bxf4 Rca8 40. Kc1 Ra1+ 41. Kd2 Rxe1 42. Rxe1 Rc8 43. Bxg5 hxg5 44. Re5 Kf7 45. Qd3 Kf8 46. Kd1 b3 47. Qxb3 Qa6 48. Qa3+ Qxa3 49. bxa3 Ke7 50. Rxg5 Kf6 51. Rg6+ Kf7 52. Kd2 Ra8 53. Rg5 Rxa3 54. f4 Rf3 55. f5 exf5 56. Rxf5+ Rxf5 57. gxf5 Kf6 58. Kd3 Kxf5 59. c4 dxc4+ 60. Kxc4 Kg5 61. d5 Kxh5 62. d6 g5 63. d7 g4 64. d8=Q g3 65. Qg8 Kh4 66. Kd3 Kh3 67. Ke3 Kh2 68. Kf3 Kh1 69. Qh7+ Kg1 70. Qh3 g2 71. Qxg2# 1-0

[Event "*** Titled Tuesday Blitz"]
[Site "Chess.com"]
[Date "2021.04.06"]
[Round "11"]
[White "annamaja"]
[Black "Chuchofrio1"]
[Result "1-0"]
[WhiteElo "2275"]
[BlackElo "2357"]
[TimeControl "180+1"]
[EndTime "12:09:05 PDT"]
[Termination "annamaja won by checkmate"]

1. e4 e5 2. Nf3 Nc6 3. Bc4 Nf6 4. d3 Be7 5. O-O O-O 6. c3 d6 7. h3 Na5 8. Bb5 a6 9. Ba4 b5 10. Bc2 c5 11. Nbd2 Qc7 12. Re1 Rd8 13. Nf1 Nc6 14. g4 d5 15. exd5 Nxd5 16. Ng3 c4 17. Qe2 cxd3 18. Bxd3 Bd6 19. Qe4 Nf6 20. Qe2 Re8 21. g5 Nd5 22. Qe4 f5 23. Nxf5 Bxf5 24. Qxf5 g6 25. Qe4 Nde7 26. h4 Nf5 27. h5 Rac8 28. a4 bxa4 29. Bxa6 Ra8 30. Bc4+ Kh8 31. hxg6 hxg6 32. Bd5 Rac8 33. Kg2 Kg7 34. Rh1 Rh8 35. Bd2 Nce7 36. Be6 Rcf8 37. Rxh8 Rxh8 38. Rxa4 Qb8 39. b4 Qb5 40. Ra7 Kf8 41. Bc4 Qe8 42. Ra8 Nc8 43. Qb7 Nfe7 44. Be6 Kg7 45. Bxc8 Qf7 46.
Bg4 Rxa8 47. Qxa8 Nd5 48. Qc6 Nf4+ 49. Bxf4 Qxf4 50. Qd7+ Kg8 51. Be6+ Kh8 52. Qd8+ Kg7 53. Qxd6 Qf8 54. Qxf8+ Kxf8 55. Nxe5 Ke7 56. Bd5 Kd6 57. c4 Kxe5 58. b5 Kd6 59. b6 Kd7 60. b7 Kc7 61. Kf3 Kb8 62. Ke4 Kc7 63. Ke5 Kb8 64. Kf6 Kc7 65.
Kxg6 Kb8 66. Kf6 Kc7 67. Ke6 Kb8 68. g6 Kc7 69. g7 Kb6 70. g8=Q Kc5 71. Qc8+ Kd4 72.
b8=Q Kc3 73. Qe5+ Kd2 74. Qe3+ Kd1 75. Bf3+ Kc2 76. Qe2+ Kc3 77. Qa6 Kd4 78. Qd6+ Kc3 79. Qde5+ Kb3 80. Qb5+ Kc3 81. Qeb2+ Kd3 82. Qd5# 1-0

[Event "*** Titled Tuesday Blitz"]
[Site "Chess.com"]
[Date "2021.04.06"]
[Round "11"]
[White "azikom"]
[Black "ukchessbomber"]
[Result "0-1"]
[WhiteElo "2688"]
[BlackElo "2531"]
[TimeControl "180+1"]
[EndTime "12:09:22 PDT"]
[Termination "ukchessbomber won on time"]

1. d4 Nf6 2. Nf3 g6 3. Bf4 Bg7 4. e3 O-O 5. h3 d5 6. Nbd2 c5 7. c3 Nc6 8. Be2 Re8 9. Bh2 Nd7 10. Nb3 c4 11. Nbd2 e5 12. O-O e4 13. Ne1 f5 14. b3 cxb3 15. axb3 g5 16. Nc2 Rf8 17. f4 exf3 18. Bxf3 Nf6 19. Be2 Qe8 20. Kh1 h5 21. c4 Be6 22. cxd5 Bxd5 23. Rxf5 Ne4 24. Nxe4 Rxf5 25. Nd6 Qe6 26. Nxf5 Qxf5 27. Bd3 Qf2 28. e4 Bxb3 29. Bg1 Qg3 30. Rb1 Bxc2 31. Bxc2 Rd8 32. d5 Na5 33. Qxh5 Qh4 34. Qxh4 gxh4 35.
Bxa7 Rc8 36. Bd3 Be5 37. Bf2 Rc3 38. Be2 Rc2 39. Bxh4 Rxe2 40. Be1 Nc4 41. Bh4 Rc2 42. g4 Na5 43. Kg1 Rc4 44. Re1 Bc3 45. Re2 Be5 46.
Kg2 Nb3 47. Bg3 Nd4 48. Re1 Rc2+ 49. Bf2 Nb3 50. Rb1 Nc5 51. Kf3 Nd3 52. Be3 Rc7 53.
Rb3 Ne1+ 54. Ke2 Nc2 55. Bf2 Bd4 56. Bg3 Rf7 57. Kd3 Na1 58. Kxd4 Nxb3+ 59. Ke5 Nd2 60. d6 Rd7 61. Ke6 Rd8 62. e5 Nc4 63. Kd5 Nb6+ 64.
Kc5 Nd7+ 65. Kd5 Re8 66. e6 Nf6+ 67. Ke5 Nd7+ 68. Kd5 Nb6+ 69. Ke5 Kf8 70. d7 Nxd7+ 71. Kd6 Nf6 72. Be5 Ne4+ 73. Kd5 Ng5 74. h4 Nxe6 75. g5 Kf7 76. h5 Nxg5 77. Bf4 Nh7 0-1